Zazza, neutral female human Monk ---------------- |..............| |..............- ------ ##-..............| |....|########## # |..............| ##-....|# ---.--- -------- ### ------.--|------ # |....|# |....<| |......| # # # # ---.--# |.`...| |......-#### ### ######%######### #......| |.|..#{| # # # # ###-.----- |......| # # # # # ##### |......| ### #######% # ### # -------- # #---|-# # # ## ------.--- #|...|# # # ----|-------- |.........####....|# # # |..?........| |........| #|...|#` #### # |)?"..).!!!?| |....@....####-..>|# -.-|-# |%)+.]?*+*)=| |........| #|...|# |...|# ------------- ---------- #|....# |...-# ----- ----- Zazza the Novice Experience level: 4 Strength: 16 Dexterity: 13 Constitution: 11 Intelligence: 11 Wisdom: 15 Charisma: 9 Health: 0(33) Energy: 26(26) Def: 0 Gold: 61 Moves: 2204 Dungeon seed: 9srs_x0RsUaH3cNv Game ID: Zazza_1563912338 Your Inventory: Coins $ - 61 gold pieces Amulets t - an uncursed amulet versus poison (being worn) Weapons r - a +0 mace s - 8 blessed +3 shuriken P - a +0 scimitar Armor e - a blessed +2 pair of leather gloves n - an uncursed +1 robe S - an uncursed +0 orcish helm Y - an uncursed +0 orcish helm Comestibles d - 4 uncursed food rations f - 6 uncursed apples g - 6 uncursed oranges J - 2 uncursed food rations L - an uncursed gecko corpse Scrolls b - an uncursed scroll of destroy armor j - an uncursed scroll of enchant weapon p - an uncursed scroll of enchant armor M - an uncursed scroll of teleportation Spellbooks a - a blessed spellbook of sleep K - an uncursed spellbook of healing Potions c - 3 uncursed potions of healing l - a blessed potion of polymorph C - an uncursed potion of restore ability G - an uncursed potion of paralysis Q - a cursed potion of object detection Wands A - a wand of wishing (0:1) Tools y - an uncursed wooden flute R - an uncursed tin whistle Gems q - a blessed flint stone z - 2 uncursed worthless pieces of blue glass N - an uncursed worthless piece of orange glass Spells and supernatural/magical abilities: Name Level Category Fail Memory z - sleep 1 enchantment 27% 89% W - pray for help -- divine ? -- Your skills at the end: Fighting Skills martial arts [Basic] Weapon Skills Spellcasting Skills healing spells [Basic] Final Attributes: You were piously aligned. You were sleep resistant. You were poison resistant. You saw invisible. You were fast. You are dead. Vanquished creatures: a gnome lord a floating eye a homunculus a kobold lord 2 hill orcs a giant bat 4 dwarf zombies a hobbit a cave spider a yellow mold a gnome 2 geckos 6 jackals a fox 2 goblins 3 sewer rats 7 grid bugs 2 lichens 2 kobold zombies 2 newts 42 creatures vanquished. Voluntary challenges: You were vegetarian. You never hit with a wielded weapon. You read items or engraved 5 times, starting on turn 801. You never genocided any monsters. You never polymorphed an object. You never changed form. You used no wishes. You never split a pudding. You never wrote Elbereth's name. You never violated your personal moral code. Dungeon overview: The Dungeons of Doom: levels 1 to 6 Level 1 an altar to Chih Sung-tzu, a sink a long staircase Level 2 Level 3 a sink Level 4 a fountain a long staircase Level 5 a fountain Level 6 <- You were here a general store, a fountain, a sink History has recorded: On T:1 you entered the Dungeons of Doom to retrieve the Amulet of Yendor! On T:606 you reached level 2 of The Dungeons of Doom. On T:705 you advanced to experience level 2. On T:842 you reached level 3 of The Dungeons of Doom. On T:1098 you reached level 4 of The Dungeons of Doom. On T:1268 you advanced to experience level 3. On T:1466 you reached level 5 of The Dungeons of Doom. On T:1530 you advanced to experience level 4. On T:1832 you reached level 6 of The Dungeons of Doom. Score breakdown: Gold: 61 ( 6097 points) Experience: 4 levels ( 9649 points) Exploration: 6 levels ( 11.76%) ( 9486 points) Discoveries: 2 items ( 0.71%) ( 2535 points) Valuables value: (no points given unless you survive) Artifact value: 0 ( 0 points) Variety of kills: 20 monsters ( 5.25%) ( 6873 points) Turncount: 2204 turns ( -144 points) Survival: died (score multiplied by 80%) Total score: 27596 Latest messages: As you kick the door, it crashes open! You hear some noises in the distance. Q - a cloudy potion. You hear some noises in the distance. Something is engraved here on the headstone. You read: "Here lies an Atheist, all dressed up and no place to go". You see here a whistle. R - a whistle. You produce a high whistling sound. You displace Armand. You see here an orcish helm. S - an orcish helm. You hear the footsteps of a guard on patrol. The jackal bites! You kill the jackal! You kill the newt! The gnome mummy hits! You hit it. The gnome mummy hits! (2x) You stop. Armand is in the way! You displace Armand. You hear the chime of a cash register. A trap door in the ceiling opens and a rock falls on your head! You die... Final status: Goodbye Zazza the Monk, killed by a falling rock... You died in The Dungeons of Doom on dungeon level 6 with 27596 points, and 61 pieces of gold, after 2204 moves. You were level 4 with a maximum of 33 hit points when you died.